 Dungeon Crawl Stone Soup version 0.31-a0-267-g3fc6992b3b (webtiles) character file.

Game seed: 588753072534607756

35 qw the Shooter (level 3, -3/29 HPs)
             Began as a Minotaur Hexslinger on July 14, 2023.
             Slain by a gnoll
             ... wielding a +2 heavy spear
              (7 damage)
             ... on level 2 of the Dungeon.
             The game lasted 00:00:15 (924 turns).

qw the Shooter (Minotaur Hexslinger)                 Turns: 924, Time: 00:00:16

Health: -3/29      AC:  5    Str: 12    XL:     3   Next: 16%
Magic:  3/3        EV: 11    Int: 10    God:
Gold:   49         SH:  0    Dex: 14    Spells: 3/4 levels left

rFire   . . .        Y - +1 sling
rCold   . . .        (no shield)
rNeg    . . .        e - +0 ring mail
rPois   .            (helmet restricted)
rElec   .            (no cloak)
rCorr   .            (no gloves)
SInv    .            (no boots)
Will    .....        (no amulet)
Stlth   +            (no ring)
HPRegen 0.24/turn    (no ring)
MPRegen 0.08/turn

%: no passive effects
@: no status effects
A: horns 2, retaliatory headbutt
a: no special abilities


You were on level 2 of the Dungeon.
You visited 1 branch of the dungeon, and saw 2 of its levels.

You collected 49 gold pieces.


Innate Abilities, Weirdness & Mutations

You have a pair of horns on your head.
You reflexively headbutt those who attack you in melee.


   Skills:
 - Level 2.0 Fighting
 + Level 3.7 Ranged Weapons
 - Level 2.1 Dodging
 - Level 1.0 Spellcasting
 - Level 2.0 Hexes


You had 3 spell levels left.
You knew the following spells:

 Your Spells              Type           Power      Damage    Failure   Level
a - Slow                  Hex            16%        N/A       34%         1

Your spell library contained the following spells:

 Spells                   Type           Power      Damage    Failure   Level
 Inner Flame              Hex/Fire       2%         N/A       83%         3
 Portal Projectile        Hex/Tloc       4%         N/A       83%         3
 Cause Fear               Hex            2%         N/A       98%         4

Inventory:

Hand Weapons
 Y - a +1 sling (weapon)
Armour
 e - a +0 ring mail (worn)
Potions
 a - a potion of lignification {unknown}
 b - a potion of enlightenment {unknown}
 f - a potion of invisibility {unknown}

Dungeon Overview and Level Annotations

Branches:
Dungeon (2/15)

Altars:


Message History

A gnoll comes into view. It is wielding a +2 heavy spear.
Enter note:
913 ||| Stepping ~*~*~tactically~*~*~ (outnumbered).
You shoot a sling bullet.
The sling bullet closely misses the gnoll.
You shoot a sling bullet.
The sling bullet hits the gnoll but does no damage.
A kobold comes into view. It is wielding a +0 dagger.
You shoot a sling bullet. The sling bullet hits the gnoll.
The gnoll is lightly wounded.
The gnoll barely misses you.
You shoot a sling bullet. The sling bullet hits the gnoll!
The gnoll is heavily wounded.
You shoot a sling bullet. The sling bullet hits the gnoll.
The gnoll is severely wounded.
The gnoll hits you with a +0 whip.
The gnoll hits you from afar with a +0 spear!
The gnoll hits you with a +0 whip.
You shoot a sling bullet.
The sling bullet barely misses the gnoll.
The gnoll hits you with a +0 whip. The gnoll barely misses you.
You shoot a sling bullet. The sling bullet hits the gnoll.
You kill the gnoll!
The gnoll barely misses you.
You have reached level 3!
Your experience leads to an increase in your attributes!
Increase (S)trength, (I)ntelligence, or (D)exterity?
You feel agile. x2
921 ||| Stepping ~*~*~tactically~*~*~ (outnumbered).
You start resting.
A gnoll is nearby!
You shoot a sling bullet. The sling bullet hits the gnoll!
The gnoll is almost dead.
The gnoll barely misses you.
The gnoll hits you from afar with a +0 spear.
You shoot a sling bullet.
The sling bullet barely misses the gnoll.
The gnoll hits you from afar with a +0 spear.
The gnoll hits you with a +2 heavy spear!
You die...

#.# #.# #g #.# #.
#.# #g ######.# .##
.......# .K#
......##.#########g#
.....<...#8#8#8#8#g#
.#########.#.#.#@#)#
.................gg#
########.#.#.#.#.###
#..#8#8#8#8#
#..######### #... .
#... # #.... ...##


You could see 2 gnolls.

Vanquished Creatures
  A gnoll (D:2)
  A bat (D:1)
  5 endoplasms (D:1)
  A giant cockroach (D:1)
  3 goblins (D:1)
  2 hobgoblins (D:1)
  A kobold (D:1)
  2 quokkas (D:1)
  4 ball pythons (D:1)
  A frilled lizard (D:1)
21 creatures vanquished.

Notes
Turn   | Place    | Note
-------+----------+-------------------------------------------
     0 | D:1      | qw the Minotaur Hexslinger began the quest for the Orb.
     0 | D:1      | Reached XP level 1. HP: 16/16 MP: 1/1
     0 | D:1      | 0 ||| qw: Version: 0.3-a-52-g30416fa
     0 | D:1      | 0 ||| qw: Game counter: 7909
     0 | D:1      | 0 ||| qw: Melee chars always use a shield: true
     0 | D:1      | 0 ||| qw: God list: Okawaru
     0 | D:1      | 0 ||| qw: Allow faded altars: false
     0 | D:1      | 0 ||| qw: Do Orc after clearing Dungeon:15 true
     0 | D:1      | 0 ||| qw: Do second Lair branch before Depths: true
     0 | D:1      | 0 ||| qw: Lair rune preference: random
     0 | D:1      | 0 ||| qw: Goals: Normal
     0 | D:1      | 0 ||| PLANNING D:1-11
    51 | D:1      | Found a faded altar of an unknown god.
   124 | D:1      | Reached skill level 3 in Ranged Weapons
   195 | D:1      | Reached XP level 2. HP: 23/23 MP: 2/2
   712 | D:1      | 712 ||| UPGRADING to +0 ring mail.
   722 | D:1      | 722 ||| DROPPING +0 robe.
   723 | D:1      | 723 ||| READING scroll labelled KIEGOISUXZIS.
   724 | D:1      | 724 ||| DROPPING scroll of poison.
   913 | D:2      | 913 ||| Stepping ~*~*~tactically~*~*~ (outnumbered).
   921 | D:2      | Reached XP level 3. HP: 10/29 MP: 3/3
   921 | D:2      | 921 ||| Stepping ~*~*~tactically~*~*~ (outnumbered).
   924 | D:2      | HP: 4/29 [gnoll/+0 spear (5)]
   924 | D:2      | Slain by a gnoll

Levels and vault maps discovered:
D:1:      lightli_arrival_windingriver, layout_basic,
          hellmonk_ecumenical_altar_arch_garden
D:2:      layout_basic, minmay_misc_feat_hallway

Skill      XL: |  1  2 |
---------------+-------+-----
Ranged Weapons | 3 |  3.7
Fighting       | 2 |  2.0
Dodging        | |  2.1
Spellcasting   | |  1.0
Hexes          | |  2.0

Action                     || total
---------------------------++-------
   Fire: Sling             ||    57
    Use: Scroll            ||     1
 Armour: Robe              ||     1
  Dodge: Dodged            ||    12

Table legend:
 A = Non-vault XP
 B = Vault XP
 C = Vault XP percentage of total XP
 D = Non-vault monster count
 E = Vault monster count
 F = Vault count percentage of total count
                 A         B        C        D         E       F
            +---------+---------+-------+---------+---------+-------
      Total |      50 |       0 |   0.0 |      21 |       0 |   0.0
            +---------+---------+-------+---------+---------+-------
        D:1 |      36 |       0 |   0.0 |      20 |       0 |   0.0
        D:2 |      14 |       0 |   0.0 |       1 |       0 |   0.0
            +---------+---------+-------+---------+---------+-------
